 Dungeon Crawl Stone Soup version 0.30-a0-29-g142975f185 (webtiles) character file.

Game seed: 12134897402688662992

1019 hydro the Chopper (level 8, 0/66 HPs)
             Began as a Palentonga Chaos Knight on Aug 25, 2022.
             Was a Plaything of Xom.
             Slain by a troll (6 damage)
             ... on level 5 of the Dungeon on Aug 26, 2022.
             The game lasted 00:19:04 (4203 turns).

hydro the Chopper (Palentonga Chaos Knight)         Turns: 4203, Time: 00:19:05

Health: 0/66       AC: 22    Str: 17 (19) XL:     8   Next: 2%
Magic:  8/8        EV:  4    Int: 11 (12) God:    Xom [.*....]
Gold:   112        SH: 13    Dex: 11      Spells: 7/7 levels left

rFire   . . .      SeeInvis +    a - +0 hand axe (chaos)
rCold   + . .      Faith    .    g - +0 tower shield
rNeg    + + +      Spirit   .    A - +3 scale mail {rPois}
rPois   ∞          Reflect  .    (no helmet)
rElec   .          Harm     .    (no cloak)
rCorr   .          Rampage  .    (no gloves)
Will    ++...                    (no barding)
Stlth   ..........               f - amulet of regeneration
HPRegen 1.01/turn                z - ring of willpower
MPRegen 0.11/turn                (no ring)

@: lich-form, curled up, unable to read
A: draining attack, torment immunity, no potions, large, rugged brown scales 3,
see invisible, deformed body, roll 1, armoured tail, reflexive curl,
deterioration 1, inability to read after injury 1
a: Rolling Charge, Renounce Religion


You were on level 5 of the Dungeon.
You worshipped Xom.
You were a plaything of Xom.
You were an undead lich.
You visited 1 branch of the dungeon, and saw 6 of its levels.
You also visited: Ossuary.

You collected 342 gold pieces.
You spent 230 gold pieces at shops.

Inventory:

Hand Weapons
 a - a +0 hand axe of chaos (weapon)
Armour
 g - a +0 tower shield (worn)
 A - a +3 scale mail of poison resistance (worn)
Magical Staves
 d - a staff of air
Jewellery
 f - an amulet of regeneration (around neck)
 z - a ring of willpower (left hand)
Wands
 x - a wand of iceblast (9)
 y - a wand of mindburst (10)
Scrolls
 b - 2 scrolls of amnesia
 e - 2 scrolls of blinking
 h - 5 scrolls of identify
 p - 5 scrolls of noise
 q - a scroll of brand weapon {unknown}
 r - a scroll of immolation {unknown}
 t - a scroll of summoning {unknown}
 v - 2 scrolls of enchant weapon {unknown}
 B - 3 scrolls of poison {unknown}
Potions
 i - 3 potions of mutation
 j - 7 potions of degeneration
 k - 4 potions of curing
 l - 4 potions of haste {unknown}
 m - a potion of invisibility {unknown}
 n - 2 potions of heal wounds {unknown}
 o - a potion of cancellation {unknown}
 s - a potion of attraction {unknown}
 u - a potion of resistance {unknown}
 w - 2 potions of lignification {unknown}
Miscellaneous
 c - a piece from Xom's chessboard (12/15) (quivered)


   Skills:
 + Level 5.1 Fighting
 * Level 6.6 Axes
 - Level 1.8 Armour
 - Level 0.7 Dodging
 * Level 5.0 Shields


You had 7 spell levels left.
You didn't know any spells.
Your spell library contained the following spells:

 Spells                   Type           Power      Damage    Failure   Level
 Magic Dart               Conj           0%         1d3       100%        1
 Summon Small Mammal      Summ           0%         N/A       100%        1
 Searing Ray              Conj           0%         2d4       100%        2
 Call Canine Familiar     Summ           0%         N/A       100%        3
 Portal Projectile        Hex/Tloc       0%         N/A       100%        3
 Summon Guardian Golem    Hex/Summ       0%         N/A       100%        3
 Fulminant Prism          Conj/Hex       0%         3d6       100%        4
 Leda's Liquefaction      Hex/Erth       0%         N/A       100%        4


Dungeon Overview and Level Annotations

Branches:
Dungeon (6/15)            Ossuary (visited)
 Temple: D:4-7

Altars:
Ashenzari
Fedhas
Sif Muna

Shops:
D:1 [*?


Innate Abilities, Weirdness & Mutations

You are an undead lich.
Your unarmed attacks are suffused with negative energy.
You are immune to unholy pain and torment.
Your necromantic spells are more powerful.
You cannot drink.
You are immune to poison.
You are completely covered in rugged brown scales. (AC +3, +7% HP)
You have supernaturally acute eyesight. (SInv)
Armour fits poorly on your strangely shaped body.
You can roll at nearby foes to attack.
You have a long armoured tail.
You curl defensively after being hit. (AC +7*)
Your body sometimes deteriorates upon taking damage.
You occasionally lose the ability to read scrolls when taking damage.


Message History

The troll is lightly wounded.
The troll bites you.
The troll claws you but does no damage. x2
You barely miss the troll.
The troll is lightly wounded.
You block the troll's attack. x2; The troll claws you.
You hit the troll.
The troll seems to grow stronger.
Xom thinks this is hilarious!
The troll is lightly wounded.
You block the troll's attack. x2; The troll claws you.
The troll bites you. You block the troll's attack. The troll claws you.
You hit the troll. You burn the troll.
The troll is lightly wounded.
The troll bites you. The troll claws you!
You feel threatened and lose the ability to read scrolls!
* * * LOW HITPOINT WARNING * * *
Your body deteriorates!
You feel weakened. The troll barely misses you.
You cannot read scrolls in your current state!
Unknown command.
You make a move on Xom's chessboard...
The white imp resists with significant effort.
The troll bites you!
* * * LOW HITPOINT WARNING * * *
Your body deteriorates!
You feel dopey. The troll claws you but does no damage.
You block the troll's attack.
Unknown command.
You make a move on Xom's chessboard...
The troll resists with some effort.
The troll barely misses you. You block the troll's attack.
The troll claws you but does no damage.
Unknown command.
You make a move on Xom's chessboard...
The gnoll twists and deforms.
The troll bites you but does no damage. You block the troll's attack. x2
Unknown command.
Aiming: Mindburst
Press: ? - help, Shift-Dir - straight line, f - troll
Aim: a troll (magical condensation, lightly wounded, strong, chance to affect: 64%)
The troll struggles to resist.
You block the troll's attack. x2
The troll claws you.
You die...
Xom thinks this is hilarious!

##... .# ... #.#.#.#..## #...#
#..# ... ........... ##.#>###..#
#.# ####.##.### +#.........# #g#
#......# ...........### ##.#
##[.>..# .............
#..#######...... .####.###..#
#..............#
#####..##..#######g.#######.....#
≈≈≈..#.........§LT5.# ###.###
...≈.####..#######°## #.#
≈≈.≈.#.....# #.# #<###
..≈≈.#####.# #.# #.... _.≈≈.# #.#
#.##### ##### ..≈≈.# #.# #.....#
≈≈.≈.# #.# #####.# ...≈.#####.#
#.# ≈≈≈..#.....# #.#


You could see a troll (strong), a gnoll (misshapen) and a white imp.

Vanquished Creatures
  A wyvern (D:5)
  A yak (D:5)
  An ice beast (D:5)
  A necrophage (D:4)
  A scorpion (D:4)
  A howler monkey (D:5)
  2 hounds (D:5)
  An orc priest (D:3)
  2 jellies
  5 mummies (Ossuary)
  5 gnolls (D:4)
  8 adders
  2 ufetubi
  A worm (D:3)
  3 dart slugs
  10 orcs
  5 endoplasms
  4 giant cockroaches
  8 goblins
  8 hobgoblins
  4 jackals (D:3)
  3 quokkas
  3 ball pythons
  7 bats
  2 frilled lizards
  A gnoll zombie (Ossuary)
  A goblin zombie (Ossuary)
  8 kobolds
  2 kobold zombies (Ossuary)
  7 rats
108 creatures vanquished.

Vanquished Creatures (collateral kills)
  An iguana (D:4)
1 creature vanquished.

Vanquished Creatures (others)
  A goblin zombie (D:1)
  A plant (D:5)
2 creatures vanquished.

Grand Total: 111 creatures vanquished

Notes
Turn   | Place    | Note
-------+----------+-------------------------------------------
     0 | D:1      | hydro the Palentonga Chaos Knight began the quest for the
                  | Orb.
     0 | D:1      | Reached XP level 1. HP: 19/19 MP: 1/1
    86 | D:1      | Found a faded altar of an unknown god.
   206 | D:1      | Found Peifuce's Armour Emporium.
   382 | D:1      | Reached XP level 2. HP: 23/25 MP: 2/2
   506 | D:1      | Found Ophuuv's Magic Scroll Shop.
   607 | D:1      | Found Ysmotonu's General Store.
   869 | D:2      | XOM: 5-stop teleportation journey
   880 | D:2      | Reached skill level 1 in Shields
   880 | D:2      | Reached XP level 3. HP: 31/31 MP: 3/3
  1720 | D:3      | XOM: 1-stop teleportation journey
  1755 | D:3      | Reached XP level 4. HP: 37/37 MP: 4/4
  1873 | D:3      | Reached skill level 4 in Axes
  2022 | D:3      | XOM: 8-stop teleportation journey
  2056 | D:3      | XOM: noise
  2107 | D:3      | XOM: smoke on damage
  2271 | D:3      | Reached XP level 5. HP: 44/44 MP: 5/5
  2374 | D:4      | XOM: cast spell 'Leda's Liquefaction'
  2388 | D:4      | XOM: divination: detect items
  2391 | D:4      | Reached XP level 6. HP: 44/51 MP: 6/6
  2445 | D:4      | Found a sand-covered staircase.
  2460 | D:4      | Reached skill level 5 in Axes
  2463 | D:4      | XOM: silly message
  2471 | Ossuary  | XOM: noise
  2471 | Ossuary  | Entered an ossuary
  2598 | Ossuary  | XOM: cast spell 'Necromutation'
  2673 | Ossuary  | XOM: 1-stop teleportation journey
  2690 | D:4      | XOM: summons friendly white imp
  2767 | D:4      | XOM: divination: magic mapping
  2917 | D:4      | XOM: noise
  2920 | D:4      | XOM: noise
  3133 | D:4      | XOM: 4-stop teleportation journey
  3181 | D:4      | XOM: summons 1 hostile shadow creature
  3182 | D:4      | XOM: enchant monster (bad)
  3277 | D:5      | Entered Level 5 of the Dungeon
  3353 | D:5      | XOM: give mutations
  3353 | D:5      | Gained mutation: You occasionally lose the ability to read
                  | scrolls when taking damage. [Xom's mischief]
  3353 | D:5      | Gained mutation: Your body sometimes deteriorates upon
                  | taking damage. [Xom's mischief]
  3353 | D:5      | Lost mutation: Your body sometimes deteriorates upon taking
                  | damage. [Xom's mischief]
  3353 | D:5      | Gained mutation: Your body sometimes deteriorates upon
                  | taking damage. [Xom's mischief]
  3418 | D:4      | XOM: stat loss: -1 Dex (10/11)
  3518 | D:1      | Bought a +3 scale mail of poison resistance for 230 gold
                  | pieces
  3709 | D:5      | Gained mutation: You curl defensively after being hit. (AC
                  | +7*) [Palentonga growth]
  3709 | D:5      | Reached XP level 7. HP: 58/58 MP: 7/7
  3802 | D:5      | XOM: 4-stop teleportation journey
  3813 | D:5      | Found a broken altar of Ashenzari.
  3870 | D:5      | Noticed a troll
  3870 | D:5      | Noticed a wyvern
  3874 | D:5      | Noticed a yak
  3874 | D:5      | a black bear changed into a yak
  3874 | D:5      | XOM: polymorph black bear -> yak
  3875 | D:5      | Reached skill level 6 in Axes
  3886 | D:5      | Killed a yak
  3890 | D:5      | Killed a wyvern
  3891 | D:5      | Reached skill level 5 in Fighting
  3953 | D:5      | Reached skill level 5 in Shields
  3953 | D:5      | Reached XP level 8. HP: 62/66 MP: 8/8
  3984 | D:5      | Found a blossoming altar of Fedhas.
  4131 | D:5      | Found a shimmering blue altar of Sif Muna.
  4185 | D:5      | XOM: cast spell 'Necromutation'
  4195 | D:5      | XOM: smoke on damage
  4200 | D:5      | HP: 3/66 [troll (9)]
  4203 | D:5      | Slain by a troll

Illustrated notes

Levels and vault maps discovered:
D:1:      onia_arrival_pyramid, layout_basic,
          hellmonk_ecumenical_altar_heavens_door, serial_shops, shop,
          nicolae_shop_advertising_works [nicolae_subvault_shop_adworks], shop,
          kennysheep_decorative_pillar
D:2:      minmay_evil_eye, layout_basic
D:3:      layout_loops_cross
D:4:      layout_loops_cross, nicolae_ossuary_entry_ruins
D:5:      layout_loops_ring, lemuel_blue_sif_altar, general_overflow_altar,
          mainiacjoe_overflow_paths, glass_columns_c, st_stairs_11,
          serial_bayou_pond_a, minmay_divided_ellipse
D:6:      layout_rooms, mainiacjoe_overflow_catwalk, amcnicky_altar_gilded,
          minmay_temple_entry_ruins, kennysheep_big_empty_room,
          serial_bayou_pond_b

Skill      XL: |  1  2  3  4  5  6  7 |
---------------+----------------------+-----
Shields        | 1 2 3 5 |  5.0
Axes           | 4 5 6 |  6.6
Fighting       | 4 5 |  5.1
Armour         | |  1.8
Dodging        | |  0.7

Action                   |  1- 3 |  4- 6 |  7- 9 || total
-------------------------+-------+-------+-------++-------
Melee: Hand axe          |    77 |   219 |    54 ||   350
       Tailslap          |     5 |    22 |     9 ||    36
 Abil: Rolling Charge    |    29 |    14 |     2 ||    45
Evoke: Piece from Xom's  |       |       |     3 ||     3
       Wand              |       |       |     1 ||     1
  Use: Scroll            |       |     5 |     1 ||     6
 Stab: Paralysed         |       |     1 |       ||     1
       Distracted        |       |     1 |       ||     1
Armor: Leather armour    |    19 |    54 |       ||    73
       Scale mail        |       |     1 |    40 ||    41
Dodge: Dodged            |    14 |    52 |    11 ||    77
Block: Tower shield      |    11 |   122 |    54 ||   187

Table legend: (Time is in decaauts)
 A = Elapsed time spent in this place.
 B = Non-inter-level travel time spent in this place.
 C = Inter-level travel time spent in this place.
 D = Time resting spent in this place.
 E = Time spent auto-exploring this place.
 F = Levels seen in this place.
 G = Mean time per level.
                   A        B        C        D        E       F      G
               +--------+--------+--------+--------+--------+-----+--------+
         Total |   4329 |   3921 |    408 |      0 |   2847 |   7 |  618.4 |
       Dungeon |   4111 |   3703 |    408 |      0 |   2758 |   6 |  685.2 |
       Ossuary |    217 |    217 |      0 |      0 |     89 |   1 |  217.0 |
               +--------+--------+--------+--------+--------+-----+--------+

Top non-repeatable levels by time:
     D:2: 1022 daAuts
     D:1: 877 daAuts
     D:4: 861 daAuts
     D:3: 728 daAuts
     D:5: 620 daAuts
 Ossuary: 217 daAuts
     D:6: 1 daAuts
